 Dungeon Crawl Stone Soup version 0.32-a0-931-g5a2cda0630 (webtiles) character file.

Game seed: 17212195316272037119

30 Pizzadoos the Magician (level 3, 0/25 HPs)
             Began as a Gnoll Wanderer on Apr 13, 2024.
             Slain by Natasha (7 damage)
             ... on level 2 of the Dungeon.
             The game lasted 00:03:17 (1277 turns).

Pizzadoos the Magician (Gnoll Wanderer)             Turns: 1277, Time: 00:03:18

Health: 0/25       AC:  3    Str:  9    XL:     3   Next: 18%
Magic:  11/11      EV: 10    Int: 13    God:
Gold:   40         SH:  0    Dex: 13    Spells: 15/16 levels left

rFire   . . .        k - staff of earth
rCold   . . .        (no shield)
rNeg    . . .        c - +0 robe
rPois   .            (no helmet)
rElec   .            (no cloak)
rCorr   .            d - +0 pair of gloves
SInv    .            (no boots)
Will    .....        (no amulet)
Stlth   +++          (no ring)
HPRegen 0.24/turn    (no ring)
MPRegen 0.12/turn

%: no passive effects
@: no status effects
A: fangs 1, strong nose, distributed training
a: no special abilities


You were on level 2 of the Dungeon.
You visited 1 branch of the dungeon, and saw 2 of its levels.

You collected 40 gold pieces.

Inventory:

Hand Weapons
 a - a +0 dagger
 g - a +2 heavy hand axe
Missiles
 h - 14 stones (quivered)
Armour
 c - a +0 robe (worn)
 d - a +0 pair of gloves (worn)
Magical Staves
 k - a staff of earth (weapon)
Scrolls
 i - a scroll of butterflies {unknown}
 l - a scroll of amnesia {unknown}
 m - a scroll of identify {unknown}
Potions
 b - a potion of lignification
 e - a potion of haste {unknown}
 f - a potion of invisibility {unknown}
 j - a potion of attraction {unknown}


   Skills:
 + Level 0.7 Fighting
 + Level 0.7 Short Blades
 + Level 0.7 Long Blades
 + Level 0.7 Axes
 + Level 0.7 Maces & Flails
 + Level 0.7 Polearms
 + Level 0.7 Staves
 + Level 0.7 Ranged Weapons
 + Level 0.7 Throwing
 + Level 0.7 Armour
 + Level 0.7 Dodging
 + Level 6.0 Stealth
 + Level 0.7 Shields
 + Level 0.7 Unarmed Combat
 + Level 7.1 Spellcasting
 + Level 0.5 Conjurations
 + Level 0.5 Hexes
 + Level 0.5 Summonings
 + Level 0.5 Necromancy
 + Level 3.7 Translocations
 + Level 0.5 Fire Magic
 + Level 3.7 Ice Magic
 + Level 0.5 Air Magic
 + Level 0.5 Earth Magic
 + Level 0.5 Alchemy
 + Level 0.9 Invocations
 + Level 0.7 Evocations
 + Level 0.6 Shapeshifting


You had 15 spell levels left.
You knew the following spells:

 Your Spells              Type           Power      Damage    Failure   Level
a - Freeze                Ice            56%        1d7       3%          1

Your spell library contained the following spells:

 Spells                   Type           Power      Damage    Failure   Level
 Apportation              Tloc           28%        N/A       3%          1
 Frozen Ramparts          Ice            28%        1d5       10%         3
 Teleport Other           Tloc           14%        N/A       10%         3
 Dimensional Bullseye     Hex/Tloc       5%         N/A       52%         4


Dungeon Overview and Level Annotations

Branches:
Dungeon (2/15)

Altars:

Annotations:
D:2 Natasha


Innate Abilities, Weirdness & Mutations

You have very sharp teeth.
Your uncanny sense of smell can sniff out nearby items.
Your experience applies equally to all skills.


Message History

Natasha is moderately wounded.
Natasha barely misses you.
You hit Natasha. You bite Natasha, but do no damage.
Natasha is heavily wounded.
Natasha hisses.
Natasha claws you but does no damage.
You barely miss Natasha.
Natasha is heavily wounded.
The kobold hits you but does no damage. Natasha barely misses you.
You barely miss Natasha.
Natasha is heavily wounded.
The kobold misses you. Natasha closely misses you.
The kobold hits you but does no damage.
You hit Natasha but do no damage. Your bite misses Natasha.
Natasha is heavily wounded.
Natasha claws you. The kobold barely misses you.
Natasha claws you but does no damage.
You barely miss Natasha.
Natasha is heavily wounded.
The kobold hits you with a +0 club. Natasha barely misses you.
You hit Natasha but do no damage. You bite Natasha.
Natasha is heavily wounded.
The kobold hits you with a +0 club.
Natasha wildly gestures.
Natasha shimmers violently.
Natasha claws you but does no damage.
You closely miss Natasha.
Natasha is heavily wounded.
The kobold closely misses you. Natasha claws you.
You barely miss Natasha. You bite Natasha.
Natasha is severely wounded.
The kobold hits you with a +0 club. Natasha claws you!
* * * LOW HITPOINT WARNING * * *
The kobold barely misses you.
You are too injured to fight recklessly!
Natasha howls an incantation.
You feel disoriented. Natasha claws you!
You die...
Natasha curls up and begins to purr.

########### #.........#
#.........# #.........#
#....)....# ####
#.........#
...############..K......#
................@h......#
......#######...........#
......# #......######
......# #....#....
......# #....#####
......# ###### ...####
....# ####
....#######....


You could see Natasha and a kobold.

Vanquished Creatures
  A dart slug (D:1)
  A ribbon worm (D:2)
  An endoplasm (D:1)
  4 giant cockroaches (D:1)
  5 goblins (D:1)
  A hobgoblin (D:1)
  2 ball pythons
  3 bats
  2 frilled lizards (D:1)
  4 rats
24 creatures vanquished.

Notes
Turn   | Place    | Note
-------+----------+-------------------------------------------
     0 | D:1      | Pizzadoos the Gnoll Wanderer began the quest for the Orb.
     0 | D:1      | Pizzadoos set off with the following items: a +0 dagger, a
                  | potion of lignification, a +0 robe, a +0 pair of gloves;
                  | and the following spells available to memorise:
                  | Apportation, Freeze, Frozen Ramparts, Teleport Other,
                  | Dimensional Bullseye.
     0 | D:1      | Reached XP level 1. HP: 13/13 MP: 8/8
     2 | D:1      | Learned a level 1 spell: Freeze
   296 | D:1      | Reached XP level 2. HP: 19/19 MP: 10/10
   622 | D:1      | Reached XP level 3. HP: 18/25 MP: 11/11
  1260 | D:2      | Noticed Natasha
  1277 | D:2      | Slain by Natasha

Illustrated notes

Levels and vault maps discovered:
D:1:      dpeg_arrival_refuge, layout_loops_ring
D:2:      layout_basic, serial_shops, nicolae_shop_tiny_real_fake_doors,
          chequers_mini_garden, uniq_natasha

Skill      XL: |  1  2  3 |
---------------+----------+-----
Stealth        | 6 |  6.0
Fighting       | |  0.7
Short Blades   | |  0.7
Long Blades    | |  0.7
Axes           | |  0.7
Maces & Flails | |  0.7
Polearms       | |  0.7
Staves         | |  0.7
Ranged Weapons | |  0.7
Throwing       | |  0.7
Armour         | |  0.7
Dodging        | |  0.7
Shields        | |  0.7
Unarmed Combat | |  0.7
Spellcasting   | |  7.1
Conjurations   | |  0.5
Hexes          | |  0.5
Summonings     | |  0.5
Necromancy     | |  0.5
Translocations | |  3.7
Fire Magic     | |  0.5
Ice Magic      | |  3.7
Air Magic      | |  0.5
Earth Magic    | |  0.5
Alchemy        | |  0.5
Invocations    | |  0.9
Evocations     | |  0.7
Shapeshifting  | |  0.6

Action                     || total
---------------------------++-------
  Melee: Hand axe          ||    38
         Dagger            ||     8
         Bite              ||     9
         Staff             ||    23
   Cast: Freeze            ||     4
    Use: Potion            ||     1
   Stab: Sleeping          ||     7
         Distracted        ||     1
 Armour: Robe              ||    60
  Dodge: Dodged            ||    49

Table legend: (Time is in decaauts)
 A = Elapsed time spent in this place.
 B = Non-inter-level travel time spent in this place.
 C = Inter-level travel time spent in this place.
 D = Time resting spent in this place.
 E = Time spent auto-exploring this place.
 F = Levels seen in this place.
 G = Mean time per level.
                   A        B        C        D        E       F      G
               +--------+--------+--------+--------+--------+-----+--------+
         Total |   1320 |   1268 |     52 |    334 |    677 |   2 |  660.0 |
       Dungeon |   1320 |   1268 |     52 |    334 |    677 |   2 |  660.0 |
               +--------+--------+--------+--------+--------+-----+--------+

Top non-repeatable levels by time:
     D:1: 906 daAuts
     D:2: 413 daAuts
